 Dungeon Crawl Stone Soup version 0.17.1-3-g152610e (webtiles) character file.

70954 tyranidshit the Tortoise (level 14, -14/137 HPs)
             Began as a Minotaur Berserker on Mar 31, 2016.
             Was a High Priest of Trog.
             Demolished by a sun demon (16 damage)
             ... summoned by an orc high priest
             ... on level 4 of the Orcish Mines.
             The game lasted 01:41:47 (15433 turns).

tyranidshit the Tortoise (Minotaur Berserker)      Turns: 15433, Time: 01:41:48

Health: -14/137    AC: 12    Str: 22    XL:     14   Next: 96%
Magic:  13/13      EV: 22    Int:  4    God:    Trog [*****.]
Gold:   1673       SH:  0    Dex: 15    Spells: 0 memorised, 13 levels left

rFire  . . .     SeeInvis +     D - +10 great sword of the Pillar {drain, +Inv SInv}
rCold  . . .     Clarity  .     (no armour)
rNeg   . . .     SustAt   .     (shield currently unavailable)
rPois  .         Gourm    .     (helmet restricted)
rElec  .         Spirit   .     x - +0 cloak
rCorr  .         Warding  .     h - +1 pair of gloves
rMut   .         Stasis   .     M - +0 pair of boots
MR     +++..                    F - amulet of regeneration
Stlth  ++........               (no ring)
                                w - +6 ring of protection

@: very slightly contaminated, regenerating, drained, extremely resistant to
hostile enchantments, unstealthy
A: retaliatory headbutt, horns 2
a: Berserk, Trog's Hand, Brothers in Arms, Burn Spellbooks, Renounce Religion,
Evoke Invisibility


You were on level 4 of the Orcish Mines.
You worshipped Trog.
Trog was extremely pleased with you.
You were not hungry.

You visited 4 branches of the dungeon, and saw 24 of its levels.
You also visited: Ossuary.

You collected 1823 gold pieces.
You spent 150 gold pieces at shops.

Inventory:

Hand Weapons
 D - the +10 great sword of the Pillar (weapon) {drain, +Inv SInv}
   (You found it on level 7 of the Dungeon)

   A truly terrible weapon, it drains the life of those it strikes.
   It lets you see invisible.
   It lets you turn invisible.
Armour
 h - a +1 pair of gloves (worn)
 q - a +5 fire dragon armour
 x - a +0 cloak (worn)
 M - a +0 pair of boots (worn)
Jewellery
 f - an uncursed ring of protection from cold
 s - an uncursed ring of ice
 w - a +6 ring of protection (left hand)
 C - an uncursed ring of fire
 F - an amulet of regeneration (around neck)
 U - an uncursed amulet of stasis
Wands
 a - a wand of digging (24)
 z - a wand of paralysis (2)
 O - a wand of draining (4)
 P - a wand of disintegration (5)
Scrolls
 m - 16 scrolls of identify
 n - a scroll of fear
 u - 7 scrolls of remove curse
 y - 2 scrolls of noise
 B - 2 scrolls of amnesia
 G - a scroll of silence {unknown}
 H - a scroll of vulnerability
 I - 6 scrolls of recharging
 J - 4 scrolls of enchant weapon
 L - a scroll of fog {unknown}
 Q - 3 scrolls of magic mapping
 S - a scroll of blinking
 W - 3 scrolls of teleportation
 X - a scroll of holy word {unknown}
Potions
 e - 3 potions of brilliance
 g - a potion of magic
 j - 2 potions of cancellation
 k - 8 potions of curing
 o - 3 potions of lignification
 p - 3 potions of resistance
 r - 3 potions of might
 t - 3 potions of mutation
 v - a potion of cure mutation
 N - 3 potions of flight
 T - a potion of ambrosia
Miscellaneous
 b - a plain deck of escape
 d - a box of beasts
 K - a fan of gales
 R - an ornate deck of wonders
Comestibles
 c - 8 royal jellies
 A - 24 fruits
 E - 3 slices of pizza
 V - a meat ration
 Z - 3 beef jerkies


   Skills:
 + Level 16.0(15.8) Fighting
 + Level 14.2(14.0) Long Blades
 + Level 16.1(15.9) Armour
 + Level 14.9(14.7) Dodging


You had 13 spell levels left.
You didn't know any spells.

Dungeon Overview and Level Annotations

Branches:
Dungeon (11/15)            Temple (1/1) D:7            Lair (8/8) D:10
 Shoals (0/4) Lair:6       Spider (0/4) Lair:4        Slime (0/6) Lair:6
    Orc (4/4) D:11            Elf (0/3) Orc:4

Altars:
Ashenzari
Cheibriados
Dithmenos
Elyvilon
Fedhas
Gozag
Kikubaaqudgha
Makhleb
Nemelex Xobeh
Okawaru
Qazlal
Ru
Sif Muna
Trog
Vehumet
Xom
Yredelemnul
Zin
The Shining One

Shops:
D:5 }   D:9 :   Orc:1 *   Orc:3 ((   Orc:4 [(

Annotations:
Lair:7 exclusion: oklob plant
Lair:8 exclusion: oklob plant


Innate Abilities, Weirdness & Mutations

You reflexively headbutt those who attack you in melee.
You have a pair of horns on your head.


Message History

The sun demon hits you!
* * * LOW HITPOINT WARNING * * *
You are engulfed in flames!
* * * LOW HITPOINT WARNING * * *
The orc hits you but does no damage.
The sun demon hits you but does no damage.
The orc high priest mumbles some strange prayers to Beogh.
The orc high priest mumbles some strange prayers to Beogh.
The sixfirhy hits you but does no damage.
The sun demon misses you.
You closely miss the orc high priest. The orc high priest barely misses you.
The sun demon hits you.
* * * LOW HITPOINT WARNING * * *
You are engulfed in flames!
* * * LOW HITPOINT WARNING * * *
You closely miss the orc high priest. The orc completely misses you.
The sun demon hits you!!
* * * LOW HITPOINT WARNING * * *
You are engulfed in flames!
You die... oo

#..................##
oo.#........)....)))...#
4o.#.............))...##
..∩#...............†..#
####...............(..#
...................(..##
...............4#......#
#............o......## #
##............@4....##
#.#...........#o#3#....#
......#....))..###....##
#.#.#.#...#))).#.##o..#
# ##.....##.).....#...#
##.#.#.)....#...#.##
####....#####.####
##.### ### . #...#


You could see 2 orc high priests, a sun demon, an orange demon, a sixfirhy and
an orc.

Vanquished Creatures
  Rupert (Lair:7)
  6 hydras
  A catoblepas (Lair:8)
  An ice dragon (Lair:8)
  8 death yaks
  3 orc high priests (Orc:4)
  Urug (Lair:4)
  Sonja (Orc:2)
  Nergalle (Lair:1)
  2 fire crabs
  2 griffons
  2 lindwurms (Lair:8)
  An orc sorcerer (Orc:4)
  16 elephants
  2 centaur zombies
  A manticore (D:11)
  3 ugly things
  6 black mambas
  An eye of devastation (Lair:6)
  Psyche (D:8)
  6 torpor snails (Lair:8)
  14 spiny frogs
  A gargoyle (D:10)
  5 komodo dragons
  A two-headed ogre (D:8)
  A queen bee (Orc:3)
  5 fire drakes
  3 giant leeches (Lair:8)
  A boulder beetle (Lair:7)
  21 blink frogs
  33 yaks
  A deep elf mage (D:10)
  3 wyverns
  A shadow (D:11)
  6 basilisks
  13 hippogriffs
  A steam dragon (Lair:6)
  A hungry ghost (D:9)
  6 wargs
  18 wolves
  22 water moccasins
  14 porcupines
  18 orc warriors
  3 phantoms
  An eye of draining (Lair:6)
  3 ice beasts
  5 wasps
  A swamp drake (Lair:6)
  9 centaurs
  7 sky beasts
  The ghost of kaze the Ducker, an amateur DsGl (D:3)
  14 crocodiles
  4 ogres
  3 big kobolds
  4 brain worms (Lair:8)
  17 giant frogs
  Blork the orc (D:5)
  A gnoll sergeant (D:5)
  4 scorpions
  21 killer bees
  A water moccasin skeleton (D:8)
  9 wights
  3 giant frog zombies
  3 hounds
  4 jellies
  5 crimson imps
  4 quasits
  20 orc priests
  A centaur skeleton (D:11)
  34 orc wizards
  10 worker ants
  A giant frog skeleton (D:6)
  2 hell rats (Lair:2)
  5 iguanas
  A killer bee zombie (D:8)
  6 sheep
  13 mummies (Ossuary)
  A hound zombie (D:11)
  6 gnolls
  65 river rats
  9 adders
  2 shadow imps
  2 oozes
  3 adder zombies
  19 worms
  4 giant geckos
  166 orcs
  3 giant cockroaches
  12 goblins
  8 hobgoblins
  8 quokkas
  4 bats
  A giant gecko skeleton (D:6)
  7 giant newts
  A gnoll skeleton (Ossuary)
  2 goblin skeletons (Ossuary)
  6 jackals
  18 kobolds
  A kobold skeleton (Ossuary)
  4 orc skeletons (Ossuary)
  11 rats
  11 rat skeletons (Ossuary)
  A bush (Lair:7)
  5 fungi
  5 plants
861 creatures vanquished.

Vanquished Creatures (collateral kills)
  An orc sorcerer (Orc:2)
  An orc priest (Orc:2)
  An orc wizard (Orc:2)
  5 orcs (Orc:2)
8 creatures vanquished.

Vanquished Creatures (others)
  6 fungi
  11 plants
17 creatures vanquished.

Grand Total: 886 creatures vanquished

Notes
Turn   | Place    | Note
--------------------------------------------------------------
     0 | D:1      | tyranidshit the Minotaur Berserker began the quest for the Orb.
     0 | D:1      | Reached XP level 1. HP: 19/19 MP: 0/0
   317 | D:1      | Reached XP level 2. HP: 25/27 MP: 1/1
   857 | D:1      | Reached ** piety under Trog
   988 | D:2      | Reached skill level 4 in Fighting
  1120 | D:2      | Reached XP level 3. HP: 33/33 MP: 2/2
  1633 | D:3      | Noticed kaze's ghost (amateur DsGl)
  1644 | D:3      | Killed kaze's ghost
  1644 | D:3      | Reached skill level 5 in Fighting
  1644 | D:3      | Reached XP level 4. HP: 37/42 MP: 3/3
  1644 | D:3      | Reached XP level 5. HP: 42/48 MP: 4/4
  1876 | D:3      | Found a sacrificial altar of Ru.
  1882 | D:3      | Found a radiant altar of Vehumet.
  2235 | D:4      | Reached XP level 6. HP: 57/57 MP: 5/5
  2274 | D:4      | Reached *** piety under Trog
  2371 | D:4      | Reached skill level 6 in Fighting
  2434 | D:4      | Got a dazzling chain mail
  2452 | D:4      | Identified the +1 chain mail of Acre {Dex+3 SInv} (You found it on level 4 of the Dungeon)
  2624 | D:5      | Entered Level 5 of the Dungeon
  2625 | D:5      | Reached skill level 5 in Armour
  2632 | D:5      | Reached skill level 5 in Dodging
  2638 | D:5      | Reached XP level 7. HP: 64/64 MP: 6/6
  2758 | D:5      | Noticed Blork the orc
  2767 | D:5      | Killed Blork the orc
  2780 | D:5      | Found a basalt altar of Yredelemnul.
  2826 | D:5      | Reached skill level 7 in Fighting
  2853 | D:5      | Noticed a water moccasin
  2859 | D:5      | Killed a water moccasin
  2948 | D:5      | Reached XP level 8. HP: 73/73 MP: 7/7
  3151 | D:5      | Reached **** piety under Trog
  3167 | D:5      | Reached skill level 8 in Fighting
  3178 | D:5      | Found Umiok's Gadget Boutique.
  3321 | D:5      | Found a deep blue altar of Sif Muna.
  3502 | D:6      | Found a snail-covered altar of Cheibriados.
  3529 | D:6      | Found a sand-covered staircase.
  3534 | Ossuary  | Entered an ossuary
  4027 | D:6      | Found a sparkling altar of Nemelex Xobeh.
  4035 | D:6      | Reached skill level 9 in Fighting
  4082 | D:6      | Reached XP level 9. HP: 83/83 MP: 8/8
  4690 | D:7      | Got a warped great sword
  4691 | D:7      | Identified the +10 great sword of the Pillar {drain, +Inv SInv} (You found it on level 7 of the Dungeon)
  4783 | D:7      | Found a shattered altar of Ashenzari.
  5059 | D:7      | Found a staircase to the Ecumenical Temple.
  5065 | Temple   | Entered the Ecumenical Temple
  5278 | D:8      | Reached skill level 10 in Fighting
  5410 | D:8      | Reached ***** piety under Trog
  5417 | D:8      | Reached skill level 5 in Long Blades
  5458 | D:8      | Noticed Psyche
  5463 | D:8      | Killed Psyche
  5463 | D:8      | Reached skill level 10 in Armour
  5486 | D:8      | Reached XP level 10. HP: 84/94 MP: 9/9
  5734 | D:9      | Found Muukogr Bamm's Book Shop.
  6116 | D:9      | Reached skill level 11 in Fighting
  6271 | D:9      | Reached skill level 10 in Dodging
  6453 | D:10     | Entered Level 10 of the Dungeon
  6553 | D:10     | Received a gift from Trog
  6585 | D:10     | Noticed a brown ugly thing
  6591 | D:10     | Killed a brown ugly thing
  6598 | D:10     | Reached XP level 11. HP: 86/102 MP: 10/10
  6650 | D:10     | Reached skill level 12 in Fighting
  6691 | D:10     | Found a staircase to the Lair.
  6930 | Lair:1   | Entered Level 1 of the Lair of Beasts
  7470 | Lair:1   | Noticed Nergalle
  7481 | Lair:1   | Killed Nergalle
  7690 | Lair:2   | Noticed a four-headed hydra
  7699 | Lair:2   | Killed a seven-headed hydra
  7985 | Lair:2   | Received a gift from Trog
  8068 | Lair:2   | Noticed a seven-headed hydra
  8077 | Lair:2   | Killed a ten-headed hydra
  8232 | Lair:2   | Reached XP level 12. HP: 113/113 MP: 11/11
  8449 | Lair:2   | Gained mutation: You are partially covered in icy blue scales (AC +1). [potion of mutation]
  8449 | Lair:2   | Gained mutation: You are clumsy. (Dex -2) [potion of mutation]
  8449 | Lair:2   | Gained mutation: You are resistant to hostile enchantments. [potion of mutation]
  8489 | Lair:2   | Lost mutation: You are resistant to hostile enchantments. [potion of cure mutation]
  8489 | Lair:2   | Lost mutation: You are partially covered in icy blue scales (AC +1). [potion of cure mutation]
  8489 | Lair:2   | Lost mutation: You are clumsy. (Dex -2) [potion of cure mutation]
  8637 | Lair:3   | Reached skill level 10 in Long Blades
  8639 | Lair:3   | Reached skill level 13 in Fighting
  8903 | Lair:4   | Received a gift from Trog
  9259 | Lair:4   | Noticed Urug
  9268 | Lair:4   | Killed Urug
  9268 | Lair:4   | Reached XP level 13. HP: 104/123 MP: 12/12
  9287 | Lair:4   | Found a hole to the Spider Nest.
  9418 | Lair:4   | Reached skill level 14 in Fighting
  9727 | Lair:5   | Found a stormy altar of Qazlal.
 10281 | Lair:6   | Found a staircase to the Slime Pits.
 10627 | Lair:6   | Found a staircase to the Shoals.
 10701 | Lair:6   | Received a gift from Trog
 10872 | Lair:6   | Got a transparent quarterstaff
 10880 | Lair:6   | Lost intelligence.
 10880 | Lair:6   | Identified the +9 quarterstaff "Aceicwah" {crush, +Rage MR+ MP+9 Int-4} (You found it on level 6 of the Lair of Beasts)
 11096 | Lair:7   | Noticed Rupert
 11104 | Lair:7   | Paralysed by Rupert for 5 turns
 11117 | Lair:7   | Killed Rupert
 11237 | Lair:7   | Reached skill level 15 in Armour
 11248 | Lair:7   | Reached skill level 15 in Fighting
 11248 | Lair:7   | Reached XP level 14. HP: 127/135 MP: 13/13
 11466 | Lair:7   | HP: 6/135 [acid (11)]
 11588 | Lair:8   | Entered Level 8 of the Lair of Beasts
 11809 | Lair:8   | Found a blossoming altar of Fedhas.
 12001 | Lair:8   | Found a runed door.
 12095 | Lair:8   | Received a gift from Trog
 13327 | D:11     | Found a staircase to the Orcish Mines.
 13657 | D:11     | Found an opulent altar of Gozag.
 13956 | Orc:1    | Entered Level 1 of the Orcish Mines
 13997 | Orc:1    | Found Dyolit's Assorted Antiques.
 14023 | Orc:1    | Bought a runed cabochon amulet for 150 gold pieces
 14063 | Orc:2    | Paralysed by an orc sorcerer for 6 turns
 14083 | Orc:2    | Received a gift from Trog
 14207 | Orc:2    | Noticed Sonja
 14212 | Orc:2    | Killed Sonja
 14645 | Orc:3    | Found Feus's Antique Weapon Shoppe.
 14655 | Orc:3    | Reached skill level 16 in Fighting
 14832 | Orc:3    | Found Puoxtyar's Antique Weapon Shop.
 14870 | Orc:4    | Entered Level 4 of the Orcish Mines
 15174 | Orc:4    | Received a gift from Trog
 15225 | Orc:4    | Found a staircase to the Elven Halls.
 15365 | Orc:4    | Found Asuwelei's Antique Armour Emporium.
 15365 | Orc:4    | Found Bucaad's Weapon Shop.
 15433 | Orc:4    | HP: 2/137 [sun demon[an orc high priest] (22)]
 15433 | Orc:4    | Demolished by a sun demon

Action                   |  1- 3 |  4- 6 |  7- 9 | 10-12 | 13-15 || total
-------------------------+-------+-------+-------+-------+-------++-------
Melee: Falchion          |    72 |   126 |       |       |       ||   198
       War axe           |       |       |   229 |       |       ||   229
       Great sword       |       |       |    59 |   486 |   900 ||  1445
Throw: Javelin           |    17 |       |       |       |       ||    17
Invok: Trog's Hand       |     2 |     2 |     5 |    11 |    34 ||    54
       Berserk           |     1 |     2 |     3 |     5 |    12 ||    23
       Burn Spellbooks   |       |       |     1 |     1 |     1 ||     3
       Brothers in Arms  |       |       |       |       |     1 ||     1
  Use: Scroll            |     2 |       |     9 |    13 |    11 ||    35
       Potion            |       |       |       |    20 |     8 ||    28
 Stab: Sleeping          |       |       |       |       |     1 ||     1
  Eat: Bread ration      |     1 |     1 |       |     2 |     8 ||    12
       Meat ration       |       |       |     2 |     4 |     2 ||     8
       Pizza             |       |       |     2 |       |       ||     2
       Chunk             |       |       |     1 |       |       ||     1
